 Dungeon Crawl Stone Soup version 0.31-a0-692-gf03d1854d5 (webtiles) character file.

Game seed: 17285358736522471829

84 qw the Shooter (level 4, -1/28 HPs)
             Began as a Gargoyle Hunter on Sept 6, 2023.
             Slain by a gnoll
             ... wielding a +2 flail of draining
              (7 damage)
             ... on level 3 of the Dungeon.
             The game lasted 00:00:47 (1671 turns).

qw the Shooter (Gargoyle Hunter)                    Turns: 1671, Time: 00:00:48

Health: -1/28      AC:  8    Str: 15    XL:     4   Next: 45%
Magic:  4/4        EV: 11    Int:  9    God:
Gold:   171        SH:  0    Dex: 15    Spells: 3/3 levels left

rFire   . . .        Y - +0 shortbow
rCold   + . .        (shield currently unavailable)
rNeg    + . .        e - +0 ring mail {rC+}
rPois   inf          (no helmet)
rElec   +            (no cloak)
rCorr   .            (no gloves)
SInv    .            (no boots)
Will    .....        c - amulet of regeneration
Stlth   +            (no ring)
HPRegen 1.04/turn    (no ring)
MPRegen 0.09/turn

%: no passive effects
@: no status effects
A: sickness immunity, AC +3, negative energy resistance 1, electricity
resistance, torment resistance 1, petrification resistance
a: no special abilities


You were on level 3 of the Dungeon.
You visited 1 branch of the dungeon, and saw 3 of its levels.

You collected 171 gold pieces.


Innate Abilities, Weirdness & Mutations

You are immune to sickness and miasma.
Your stone body is resilient. (AC +3)
You are immune to poison.
You resist negative energy. (rN+)
You are resistant to electric shocks. (rElec)
You are resistant to unholy torment.
You are immune to petrification.


   Skills:
 - Level 3.0 Fighting
 + Level 5.2 Ranged Weapons
 - Level 1.2 Armour
 - Level 1.5 Dodging
 - Level 1.1 Stealth


You had 3 spell levels left.
You didn't know any spells.
Your spell library was empty.

Inventory:

Hand Weapons
 Y - a +0 shortbow (weapon)
Armour
 e - a +0 ring mail of cold resistance (worn)
Jewellery
 b - a +4 ring of protection
 c - an amulet of regeneration (around neck)
Scrolls
 a - 2 scrolls of identify
 i - a scroll of blinking {unknown}
Potions
 d - a potion of degeneration {unknown}
 f - a potion of might {unknown}
 g - 2 potions of curing
 h - 2 potions of haste {unknown}

Dungeon Overview and Level Annotations

Branches:
Dungeon (3/15)

Altars:
Ashenzari
Elyvilon
The Shining One

Annotations:
D:3 Jessica


Message History

The gnoll hits you from afar with a +0 spear.
The gnoll hits you with a +2 flail of draining.
The gnoll barely misses you.
1665 |||
Found retreat position at -1,0 (gnoll; floor) with 0 blocking monsters and 2 monsters attacking at destination at distance 1 You shoot an arrow.
The arrow closely misses the gnoll.
Jessica grins evilly.
Jessica gestures wildly while chanting.
Jessica blinks!
The gnoll hits you but does no damage. The gnoll closely misses you.
The gnoll barely misses you.
1666 |||
Found retreat position at -1,0 (gnoll; floor) with 0 blocking monsters and 2 monsters attacking at destination at distance 1 You shoot an arrow.
The arrow barely misses the gnoll.
The gnoll hits you from afar with a +0 spear.
The gnoll hits you with a +2 flail of draining!
The gnoll hits you but does no damage.
The gnoll hits you from afar with a +0 spear.
The gnoll closely misses you. The gnoll barely misses you.
1667 |||
Found retreat position at -1,0 (gnoll; floor) with 0 blocking monsters and 2 monsters attacking at destination at distance 1 You shoot an arrow.
The arrow barely misses the gnoll.
The gnoll closely misses you. The gnoll completely misses you.
The gnoll closely misses you.
1668 |||
Found retreat position at -1,0 (gnoll; floor) with 0 blocking monsters and 2 monsters attacking at destination at distance 1 You shoot an arrow.
The arrow closely misses the gnoll.
The gnoll hits you from afar with a +0 spear.
The gnoll hits you with a +2 flail of draining.
The gnoll closely misses you.
1669 |||
Found retreat position at -1,0 (gnoll; floor) with 0 blocking monsters and 2 monsters attacking at destination at distance 1 You shoot an arrow.
The arrow hits the gnoll.
The gnoll is moderately wounded.
The gnoll barely misses you. The gnoll closely misses you.
The gnoll hits you but does no damage.
1670 |||
Found retreat position at -1,0 (gnoll; floor) with 0 blocking monsters and 2 monsters attacking at destination at distance 1 You shoot an arrow.
The arrow barely misses the gnoll.
The gnoll closely misses you. The gnoll hits you but does no damage.
The gnoll completely misses you.
1671 |||
Found retreat position at -1,0 (gnoll; floor) with 0 blocking monsters and 2 monsters attacking at destination at distance 1 You shoot an arrow.
The arrow hits the gnoll!
You kill the gnoll!
The gnoll hits you but does no damage.
The gnoll hits you with a +2 flail of draining!
You die...

.##
#...........#
#.# ##
##..........#
#.# #
##.......#.#
#.# .#
#.......#.# #.#
.# #.#.##.##.#
####.# .#
#....##....#
#....# .#
#..#######@#
#.#### .#
.#######.# #.#
..$...)@.# #.#
..# .....g##g#
#.# .#.#
......##.####.#
.#.####
.....g........#
.#.##..
...g...g.######
.#.##.#
.....g####
.#.##.# ......
<#.##.# ####
.#%##.#


You could see 2 gnolls and Jessica.

Vanquished Creatures
  A gnoll (D:3)
  4 adders
  A worm (D:2)
  4 ball pythons
  5 endoplasms
  2 giant cockroaches
  5 goblins
  7 hobgoblins
  A quokka (D:3)
  5 bats
  2 frilled lizards
  5 kobolds
  3 rats
45 creatures vanquished.

Notes
Turn   | Place    | Note
-------+----------+-------------------------------------------
     0 | D:1      | qw the Gargoyle Hunter began the quest for the Orb.
     0 | D:1      | Reached XP level 1. HP: 12/12 MP: 1/1
     0 | D:1      | 0 ||| qw: Version: 0.3-a-76-g4403597
     0 | D:1      | 0 ||| qw: Game counter: 156
     0 | D:1      | 0 ||| qw: Melee chars always use a shield: true
     0 | D:1      | 0 ||| qw: God list: Okawaru
     0 | D:1      | 0 ||| qw: Allow faded altars: false
     0 | D:1      | 0 ||| qw: Do Orc after clearing Dungeon:15 true
     0 | D:1      | 0 ||| qw: Do second Lair branch before Depths: true
     0 | D:1      | 0 ||| qw: Lair rune preference: random
     0 | D:1      | 0 ||| qw: Goals: Normal
     0 | D:1      | 0 ||| PLANNING D:1-11
   326 | D:1      | Reached XP level 2. HP: 14/17 MP: 2/2
   505 | D:1      | 505 ||| UPGRADING to +0 ring mail of cold resistance.
   515 | D:1      | 515 ||| DROPPING +0 leather armour.
   516 | D:1      | 516 ||| READING 2 scrolls labelled JEDODE DIMN.
   517 | D:1      | 517 ||| DROPPING scroll of butterflies.
   554 | D:2      | Reached skill level 1 in Armour
   554 | D:2      | 554 ||| STAIRDANCE
   610 | D:2      | Reached XP level 3. HP: 21/21 MP: 3/3
   678 | D:2      | 678 ||| FLEEEEING.
   851 | D:2      | Reached skill level 5 in Ranged Weapons
  1064 | D:2      | Reached XP level 4. HP: 27/27 MP: 4/4
  1215 | D:2      | 1215 ||| UPGRADING to amulet of regeneration.
  1220 | D:2      | 1220 ||| READING scroll labelled BERGHY GUUN LISTAU.
  1221 | D:2      | 1221 ||| READING scroll labelled OFEMOTAAXT.
  1222 | D:2      | 1222 ||| READING scroll labelled ORADOIPOYP.
  1223 | D:2      | 1223 ||| READING scroll labelled LYKHIJ IJEMUG.
  1227 | D:2      | 1227 ||| DRINKING 2 smoky orange potions.
  1243 | D:3      | 1243 ||| STAIRDANCE
  1249 | D:3      | Reached skill level 3 in Fighting
  1318 | D:3      | Found a broken altar of Ashenzari.
  1407 | D:3      | Found a glowing golden altar of the Shining One.
  1565 | D:3      | Found a white marble altar of Elyvilon.
  1656 | D:3      | Noticed Jessica
  1658 | D:3      | 1658 ||| RETREATING.
  1666 | D:3      | HP: 7/28 [gnoll/+2 flail of draining (8)]
  1666 | D:3      | HP: 2/28 [gnoll/+0 spear (5)]
  1671 | D:3      | Slain by a gnoll

Levels and vault maps discovered:
D:1:      evilmike_arrival_crescent, layout_basic
D:2:      layout_loops_cross, serial_bayou_pond_a, minmay_hexomino_f4
D:3:      layout_loops_ring, lemuel_tele_altar, old_standard_altar,
          mainiacjoe_overflow_surrounded_room,
          shapermc_ecumenical_altar_mp_vishouse, uniq_jessica, uniq_robin

Skill      XL: |  1  2  3  4 |
---------------+-------------+-----
Armour         | 1 |  1.2
Ranged Weapons | 5 |  5.2
Fighting       | 3 |  3.0
Dodging        | |  1.5
Stealth        | |  1.1

Action                     |  1- 3 |  4- 6 || total
---------------------------+-------+-------++-------
   Fire: Shortbow          |   125 |    62 ||   187
    Use: Scroll            |     1 |     4 ||     5
         Potion            |       |     1 ||     1
 Armour: Leather armour    |     8 |       ||     8
         Ring mail         |    28 |    27 ||    55
  Dodge: Dodged            |    50 |    32 ||    82

Table legend:
 A = Non-vault XP
 B = Vault XP
 C = Vault XP percentage of total XP
 D = Non-vault monster count
 E = Vault monster count
 F = Vault count percentage of total count
                 A         B        C        D         E       F
            +---------+---------+-------+---------+---------+-------
      Total |     131 |       4 |   3.0 |      42 |       3 |   6.7
            +---------+---------+-------+---------+---------+-------
        D:1 |      18 |       0 |   0.0 |      12 |       0 |   0.0
        D:2 |      66 |       4 |   5.7 |      18 |       3 |  14.3
        D:3 |      47 |       0 |   0.0 |      12 |       0 |   0.0
            +---------+---------+-------+---------+---------+-------
